 Dungeon Crawl Stone Soup version 0.26-a0-478-g6c97825307 (webtiles) character file.

Game seed: 17778226003668948445

4660 Infinimo the Carver (level 10, -2/118 HPs)
             Began as a Demonspawn Berserker on Aug 1, 2020.
             Was a High Priest of Trog.
             Slain by a komodo dragon (25 damage)
             ... on level 10 of the Dungeon.
             The game lasted 00:07:17 (13523 turns).

Infinimo the Carver (Demonspawn Berserker)         Turns: 13523, Time: 00:07:17

Health: -2/118     AC: 10    Str: 21      XL:     10   Next: 20%
Magic:  0/10       EV: 13    Int:  9      God:    Trog [*****.]
Gold:   634        SH:  4    Dex: 10 (12) Spells: 9/9 levels left

rFire    . . .     SeeInvis +   C - +0 long sword
rCold    . . .     Faith    .   h - +0 buckler
rNeg     . . .     Spirit   +   b - +1 animal skin
rPois    .         Reflect  .   (no helmet)
rElec    .         Harm     .   (no cloak)
rCorr    .                      D - +0 pair of gloves
MR       .....                  (no boots)
Stlth    ..........             (no amulet)
HPRegen  0.29/turn              y - ring of see invisible
MPRegen  0.12/turn              x - +4 ring of protection

@: berserking, very quick
A: talons 1, slimy green scales 1, magic shield
a: Berserk, Trog's Hand, Brothers in Arms, Renounce Religion


You were on level 10 of the Dungeon.
You worshipped Trog.
Trog was extremely pleased with you.
You visited 1 branch of the dungeon, and saw 10 of its levels.

You collected 634 gold pieces.

Inventory:

Hand Weapons
 t - the +3 sling "Punk" {acid, rCorr}
   (You found it on level 4 of the Dungeon)

   It provides partial protection from all sources of acid and corrosion.
 C - a +0 long sword (weapon)
Armour
 b - a +1 animal skin (worn)
 h - a +0 buckler (worn)
 r - a +2 tower shield
 D - a +0 pair of gloves (worn)
Jewellery
 p - an uncursed ring of positive energy
 x - a +4 ring of protection (right hand)
 y - a ring of see invisible (left hand)
Wands
 A - a wand of acid (7)
 B - a wand of clouds (9)
Scrolls
 a - 3 scrolls of identify
 e - 2 scrolls of blinking
 f - a scroll of magic mapping
 i - 3 scrolls of enchant armour
 l - 6 scrolls of immolation
 n - a scroll of fog
 q - 2 scrolls of teleportation
 s - 3 scrolls of remove curse
Potions
 c - 4 potions of magic
 d - 5 potions of curing
 g - 2 potions of invisibility
 j - 3 potions of flight
 k - 2 potions of might
 m - a potion of stabbing
 o - 3 potions of mutation
 u - a potion of berserk rage
 v - 2 potions of cancellation
 w - 2 potions of lignification
 z - 3 potions of degeneration
 E - a potion of haste {unknown}


   Skills:
 + Level 7.3 Fighting
 * Level 9.2 Long Blades
 + Level 6.4 Armour
 - Level 5.0 Dodging
 + Level 3.5 Shields


You had 9 spell levels left.
You didn't know any spells.
Your spell library was empty.

Dungeon Overview and Level Annotations

Branches:
Dungeon (10/15)            Temple (0/1) D:4            Lair (0/6) D:10
    Orc: D:9-12

Altars:
Ashenzari
Dithmenos
Elyvilon
Fedhas
Hepliaklqana
Makhleb
Ru
Sif Muna
Wu Jian
Yredelemnul
The Shining One

Annotations:
D:3 exclusion: oklob plant


Innate Abilities, Weirdness & Mutations

You have sharp toenails.
You are partially covered in slimy green scales. (AC +2)
When hurt, damage is shared between your health and your magic reserves.


Message History

The komodo dragon is severely wounded.
You block the komodo dragon's attack.
The komodo dragon is severely wounded.
You block the komodo dragon's attack.
The komodo dragon is almost dead.
You block the komodo dragon's attack.
You claw the komodo dragon, but do no damage.
The komodo dragon is almost dead.
The komodo dragon bites you!!
* * * LOW HITPOINT WARNING * * *
You are too injured to fight recklessly!
You are too injured to fight recklessly!
You are too injured to fight recklessly!
You are too injured to fight recklessly!
You are too injured to fight recklessly!
You are too injured to fight recklessly!
You are too injured to fight recklessly!
A red film seems to cover your vision as you go berserk!
You feel yourself moving faster!
You feel mighty! The komodo dragon bites you!!
You die... ................. ... ...... ###.......[......# ###### #...#########..# #...# ######### ###...# ##PPPPPPPP

...
..#########PPPPPP...P
####### ...
.......?.P.PPPP.>.P
#...<.. ###
.............PP...PP
#######
)..........@lPP.PPPP
.........#......PP.P
.........##...P...P.
##
.......>.####.....##
..
....................
..
.../................
#.
..........########..
########..# .. #..#


You could see a komodo dragon.

Vanquished Creatures
  A two-headed ogre (D:10)
  A hornet (D:7)
  A wyvern (D:9)
  An ice beast (D:6)
  2 phantoms
  A black bear (D:7)
  A necrophage (D:7)
  6 ogres
  6 centaurs
  A big kobold (D:7)
  4 bullfrogs
  A gnoll sergeant (D:8)
  2 scorpions
  5 wights (D:7)
  2 howler monkeys
  3 quasits
  7 hounds
  2 jellies (D:9)
  4 orc priests
  A centaur skeleton (D:10)
  A bullfrog skeleton (D:4)
  Terence (D:2)
  An iguana (D:4)
  8 worker ants
  5 orc wizards
  2 killer bee zombies
  2 hound skeletons
  Robin (D:4)
  2 howler monkey zombies (D:5)
  2 worker ant zombies (D:6)
  11 gnolls
  13 adders
  4 shadow imps
  3 white imps
  3 ufetubi
  An adder skeleton (D:4)
  A worm (D:3)
  7 leopard geckos
  18 orcs
  2 ball pythons (D:3)
  10 bats
  2 giant cockroaches
  21 goblins
  9 hobgoblins
  6 jackals
  8 quokkas
  6 frilled lizards
  12 kobolds
  A leopard gecko skeleton (D:6)
  2 quokka zombies
  9 rats
226 creatures vanquished.

Vanquished Creatures (others)
  2 plants (D:10)
2 creatures vanquished.

Grand Total: 228 creatures vanquished

Notes
Turn   | Place    | Note
-------+----------+-------------------------------------------
     0 | D:1      | Infinimo the Demonspawn Berserker began the quest for the
                  | Orb.
     0 | D:1      | Reached XP level 1. HP: 18/18 MP: 1/1
   251 | D:1      | Gained mutation: You have sharp toenails. [demonic
                  | ancestry]
   251 | D:1      | Reached XP level 2. HP: 20/24 MP: 2/2
   258 | D:1      | Reached skill level 3 in Long Blades
   804 | D:1      | Gained mutation: You are partially covered in slimy green
                  | scales. (AC +2) [demonic ancestry]
   804 | D:1      | Reached XP level 3. HP: 18/29 MP: 3/3
  1285 | D:2      | Reached ** piety under Trog
  1369 | D:2      | Found a white marble altar of Elyvilon.
  1398 | D:2      | Noticed Terence
  1408 | D:2      | Killed Terence
  1488 | D:2      | Reached XP level 4. HP: 35/35 MP: 4/4
  1704 | D:2      | Found a shadowy altar of Dithmenos.
  2005 | D:2      | Found a sacrificial altar of Ru.
  2069 | D:2      | Gained mutation: When hurt, damage is shared between your
                  | health and your magic reserves. [demonic ancestry]
  2069 | D:2      | Reached XP level 5. HP: 36/42 MP: 5/5
  2085 | D:2      | Reached skill level 4 in Long Blades
  2991 | D:3      | Found a shattered altar of Ashenzari.
  3284 | D:3      | Found a blossoming altar of Fedhas.
  3310 | D:3      | Noticed an oklob plant
  3403 | D:3      | Reached *** piety under Trog
  3559 | D:3      | Reached XP level 6. HP: 48/48 MP: 6/6
  4390 | D:4      | Reached skill level 5 in Long Blades
  4390 | D:4      | Reached XP level 7. HP: 38/55 MP: 5/7
  5079 | D:4      | Found the +3 sling "Punk" {acid, rCorr}
  5138 | D:4      | Found a shimmering blue altar of Sif Muna.
  5232 | D:4      | Found a staircase to the Ecumenical Temple.
  5356 | D:4      | Noticed Robin
  5373 | D:4      | Killed Robin
  5577 | D:4      | Reached skill level 5 in Fighting
  5816 | D:5      | Entered Level 5 of the Dungeon
  5929 | D:5      | Reached skill level 6 in Long Blades
  5929 | D:5      | Reached XP level 8. HP: 62/62 MP: 5/8
  6280 | D:5      | Reached **** piety under Trog
  7663 | D:6      | Found a burning altar of Makhleb.
  7665 | D:6      | Noticed a blizzard demon
  7981 | D:6      | Found an ornate altar of the Wu Jian Council.
  8086 | D:6      | Reached skill level 7 in Long Blades
  8437 | D:6      | Reached skill level 5 in Armour
  8998 | D:7      | Reached skill level 5 in Dodging
  9100 | D:7      | Reached XP level 9. HP: 48/69 MP: 6/9
  9331 | D:7      | Found a glowing golden altar of the Shining One.
  9331 | D:7      | Found a basalt altar of Yredelemnul.
  9331 | D:7      | Found a hazy altar of Hepliaklqana.
  9573 | D:7      | Reached skill level 1 in Shields
  9942 | D:7      | Paralysed by a hornet for 2 turns
  9949 | D:7      | Paralysed by a hornet for 2 turns
  9954 | D:7      | Reached skill level 8 in Long Blades
 10543 | D:7      | Reached ***** piety under Trog
 12938 | D:9      | Reached XP level 10. HP: 61/79 MP: 7/10
 13223 | D:10     | Entered Level 10 of the Dungeon
 13363 | D:10     | Noticed a two-headed ogre
 13373 | D:10     | Killed a two-headed ogre
 13373 | D:10     | Reached skill level 9 in Long Blades
 13483 | D:10     | Found a staircase to the Lair.
 13523 | D:10     | Slain by a komodo dragon

Illustrated notes

Levels and vault maps discovered:
D:1:      dpeg_arrival_rooms_b, layout_basic
D:2:      layout_basic, nicolae_ru_great_annihilating_truth,
          nicolae_dithmenos_through_a_glass_darkly, old_standard_altar,
          kennysheep_generic_room_13, uniq_terence
D:3:      layout_basic, tgw_fedhas, nicolae_ashenzari_panopticon
D:4:      layout_basic, lemuel_blue_sif_altar, minmay_temple_entry_stoned_glass,
          uniq_robin
D:5:      layout_basic, kennysheep_windowed_goal
D:6:      layout_loops_corners, kennysheep_mini, makhleb_altar_promises_db
D:7:      layout_basic, gammafunk_temple_overflow_forgotten, serial_park_tiny_1
D:8:      layout_basic, kennysheep_cluttered_room
D:9:      layout_loops_corners
D:10:     layout_long_grid, david_lair_shrubbed, ebering_ghost_rock_garden

Skill      XL: |  1  2  3  4  5  6  7  8  9 10 |
---------------+-------------------------------+-----
Long Blades    | 3 4 5 6 7 8 9 |  9.2
Armour         | 2 3 4 5 6 |  6.4
Dodging        | 2 3 4 5 |  5.0
Fighting       | 4 5 6 7 |  7.3
Shields        | 3 |  3.5

Action                   |  1- 3 |  4- 6 |  7- 9 | 10-12 || total
-------------------------+-------+-------+-------+-------++-------
Melee: Falchion          |    67 |   177 |   242 |       ||   486
       Kick              |    13 |    53 |   156 |    14 ||   236
       Long sword        |       |       |   190 |    40 ||   230
Invok: Berserk           |     1 |     2 |    14 |     2 ||    19
  Use: Scroll            |       |       |    19 |     1 ||    20
       Potion            |       |       |     2 |       ||     2
 Stab: Sleeping          |     1 |       |     1 |       ||     2
Armor: Animal skin       |    20 |    51 |    66 |     8 ||   145
Dodge: Dodged            |    63 |   119 |   271 |    23 ||   476
Block: Buckler           |       |       |    27 |    10 ||    37
       Rpst.: Falchion   |    24 |    38 |    45 |       ||   107
       Long sword        |       |       |    34 |     8 ||    42

Table legend: (Time is in decaauts)
 A = Elapsed time spent in this place.
 B = Non-inter-level travel time spent in this place.
 C = Inter-level travel time spent in this place.
 D = Time resting spent in this place.
 E = Time spent auto-exploring this place.
 F = Levels seen in this place.
 G = Mean time per level.
                   A        B        C        D        E       F      G
               +--------+--------+--------+--------+--------+-----+--------+
         Total |  13737 |  13357 |    380 |   1690 |  10305 |  10 | 1373.7 |
       Dungeon |  13737 |  13357 |    380 |   1690 |  10305 |  10 | 1373.7 |
               +--------+--------+--------+--------+--------+-----+--------+

Top non-repeatable levels by time:
     D:7: 2233 daAuts
     D:4: 1815 daAuts
     D:3: 1614 daAuts
     D:6: 1588 daAuts
     D:5: 1507 daAuts
     D:1: 1276 daAuts
     D:2: 1229 daAuts
     D:8: 1167 daAuts
     D:9: 996 daAuts
    D:10: 308 daAuts
